 Dungeon Crawl Stone Soup version 0.31.0-11-ge490571c62 (webtiles) character file.

Game seed: 15704410713824082360

3259 iamserjio the Grappler (level 10, -4/102 HPs)
             Began as an Oni Brigand on Jan 30, 2024.
             Slain by a tarantella (6 damage)
             ... in a bailey.
             The game lasted 00:14:08 (8218 turns).

iamserjio the Grappler (Oni Brigand)                Turns: 8218, Time: 00:14:09

Health: -4/102     AC:  4    Str: 17    XL:     10   Next: 0%
Magic:  11/13      EV:  9    Int: 16    God:
Gold:   295        SH:  0    Dex: 10    Spells: 10/13 levels left

rFire   . .          .
                       - Unarmed
rCold   . . .        (no shield)
rNeg    . . .        b - +0 robe
rPois   .            (helmet restricted)
rElec   .            c - +0 cloak
rCorr   .            (gloves unavailable)
SInv    .            (boots unavailable)
Will    +....        (no amulet)
Stlth   +            r - ring of wizardry
HPRegen 0.37/turn    (no ring)
MPRegen 0.13/turn

%: wizardry (x1)
@: confused
A: large, unfitting armour, horns 1, tough skin 1, double potion healing,
drunken brawling
a: no special abilities


You were in a bailey.
You visited 1 branch of the dungeon, and saw 7 of its levels.
You also visited: Bailey.

You collected 365 gold pieces.
You spent 70 gold pieces at shops.

Inventory:

Hand Weapons
 a - a +2 dagger
 t - a +0 spear
Missiles
 d - 7 poisoned darts
 m - 4 large rocks
 E - a throwing net (quivered) {!f}
Armour
 b - a +0 robe (worn)
 c - a +0 cloak (worn)
 p - a +1 cloak
Jewellery
 r - a ring of wizardry (left hand)
Wands
 x - a wand of polymorph (10)
Scrolls
 g - a scroll of torment {unknown}
 h - 2 scrolls of enchant weapon
 i - a scroll of vulnerability
 j - a scroll of teleportation {@r3}
 k - a scroll of fear {unknown}
 n - 2 scrolls of amnesia {unknown}
 q - 3 scrolls of noise {unknown}
 u - 3 scrolls of fog {unknown}
 w - a scroll of butterflies
 y - 2 scrolls of revelation {unknown}
 z - a scroll of brand weapon
 A - a scroll of poison
 B - a scroll of enchant armour
Potions
 l - a potion of haste {@q4}
 o - a potion of attraction
 v - a potion of degeneration
 C - a potion of magic
 D - a potion of enlightenment


   Skills:
 + Level 7.3 Fighting
 - Level 1.7 Short Blades
 - Level 2.0 Throwing
 - Level 0.8 Dodging
 - Level 2.9 Stealth
 * Level 11.2 Unarmed Combat
 * Level 2.1 Spellcasting
 * Level 1.8 Summonings


You had 10 spell levels left.
You knew the following spells:

 Your Spells              Type           Power      Damage    Failure   Level
a - Call Canine Familiar  Summ           7%         N/A       12%         3

Your spell library contained the following spells:

 Spells                   Type           Power      Damage    Failure   Level
 Slow                     Hex            4%         N/A       9%          1
 Ensorcelled Hibernation  Hex/Ice        2%         N/A       12%         2
 Confusing Touch          Hex            1%         N/A       24%         3
 Fugue of the Fallen      Necr           1%         N/A       24%         3
 Ozocubu's Armour         Ice            1%         N/A       24%         3
 Sigil of Binding         Hex            1%         N/A       24%         3
 Vampiric Draining        Necr           1%         2d6       24%         3
 Anguish                  Hex/Necr       0%         N/A       58%         4
 Dimensional Bullseye     Hex/Tloc       0%         N/A       58%         4
 Metabolic Englaciation   Hex/Ice        0%         N/A       89%         5
 Sculpt Simulacrum        Ice/Alch       0%         N/A       100%        6


Dungeon Overview and Level Annotations

Branches:
Dungeon (7/15) Zot: 26639  Bailey (1/1) Zot: 5808
 Temple: D:4-7

Altars:
Elyvilon
Fedhas
Kikubaaqudgha
Makhleb
Sif Muna

Shops:
D:3 *!:(

Annotations:
D:3 2 transporters
D:5 Grinder


Innate Abilities, Weirdness & Mutations

You are too large for most types of armour.
You have a pair of small horns on your head.
You have tough skin. (AC +1)
You gain doubled healing and magic from potions.
Whenever you drink a healing potion, you attack all around you.


Message History

You barely miss the tarantella. Your headbutt misses the tarantella.
Your inugami closely misses the tarantella.
The orc completely misses your inugami. The tarantella touches you!
* * * LOW HITPOINT WARNING * * *
You barely miss your inugami.
Your inugami disappears in a puff of smoke!
The tarantella barely misses you.
You closely miss the tarantella. The tarantella touches you!
* * * LOW HITPOINT WARNING * * *
You are afflicted by dizzying energies!
You are more confused.
The orc hits you with a +0 hand axe.
* * * LOW HITPOINT WARNING * * *
There are monsters nearby!
You nearly stumble into some deep water!
The tarantella touches you!
* * * LOW HITPOINT WARNING * * *
The tarantella touches you!
* * * LOW HITPOINT WARNING * * *
The orc hits you but does no damage.
You nearly stumble into some deep water!
The tarantella barely misses you. The orc hits you with a +0 hand axe.
* * * LOW HITPOINT WARNING * * *
The tarantella touches you.
* * * LOW HITPOINT WARNING * * *
You are afflicted by dizzying energies!
You are more confused.
The tarantella touches you.
* * * LOW HITPOINT WARNING * * *
The orc attacks as it pursues you! The orc closely misses you.
Okay, then.
You barely miss the tarantella. The tarantella touches you!
* * * LOW HITPOINT WARNING * * *
You are afflicted by dizzying energies!
You are more confused.
You miss the tarantella. Your headbutt misses the tarantella.
The orc hits you but does no damage.
The tarantella touches you but does no damage.
You're too confused to move!
The tarantella touches you.
You die...

#≈≈≈≈≈# #≈≈≈≈≈#
#≈≈≈≈≈### #≈≈≈≈≈~.#
######.≈≈≈≈~.#
#......≈≈≈≈~.# +####
###......≈≈≈≈~.#.....#
#...........@o.')....#
#∩..∩........s.)..⌠..#
#..............'.....#
###......≈≈≈≈~.#.....#
#......≈≈≈≈~.#++####
######.≈≈≈≈~.#
#≈≈≈≈≈~.# #≈≈≈≈≈###
#≈≈≈≈≈#


You could see a tarantella and an orc.

Vanquished Creatures
  Pikel (D:4)
  Sigmund (D:3)
  A steam dragon (D:7)
  A water moccasin (D:6)
  An ice beast (D:6)
  A sky beast (D:6)
  2 orc warriors
  3 black bears
  2 ogres
  2 lemures (D:4)
  A phantom (D:5)
  A kobold brigand (D:7)
  2 bullfrogs
  5 scorpions
  A howler monkey (D:7)
  3 vampire bats (D:4)
  A jelly (D:7)
  2 hounds (D:6)
  A gnoll bouda (D:4)
  4 orc priests
  3 iron imps (D:6)
  Jessica (D:2)
  An iguana (D:6)
  2 sleepcaps (D:4)
  4 orc wizards
  17 gnolls
  4 adders
  3 ufetubi
  4 dart slugs
  A ribbon worm (D:4)
  22 orcs
  7 ball pythons
  4 bats
  5 bat skeletons (D:4)
  10 endoplasms
  2 giant cockroaches (D:4)
  5 goblins
  9 hobgoblins
  9 jackals
  7 kobolds
  6 quokkas
  3 frilled lizards
  3 rats
168 creatures vanquished.

Vanquished Creatures (collateral kills)
  A gnoll (Bailey)
  A goblin (Bailey)
2 creatures vanquished.

Vanquished Creatures (others)
  An ufetubus (D:5)
1 creature vanquished.

Grand Total: 171 creatures vanquished

Notes
Turn   | Place    | Note
-------+----------+-------------------------------------------
     0 | D:1      | iamserjio the Oni Brigand began the quest for the Orb.
     0 | D:1      | Reached XP level 1. HP: 22/22 MP: 1/1
   125 | D:1      | Reached skill level 1 in Unarmed Combat
   125 | D:1      | Reached XP level 2. HP: 31/31 MP: 2/2
   512 | D:2      | Reached XP level 3. HP: 37/37 MP: 3/3
   581 | D:1      | Reached skill level 2 in Unarmed Combat
   748 | D:2      | Found a white marble altar of Elyvilon.
   810 | D:2      | Noticed Jessica
   826 | D:2      | Killed Jessica
   827 | D:2      | Reached XP level 4. HP: 33/48 MP: 4/4
  1143 | D:2      | Reached skill level 3 in Unarmed Combat
  1570 | D:3      | Reached XP level 5. HP: 55/55 MP: 5/5
  1573 | D:3      | Found Amoxkeomposm's Distillery.
  1896 | D:3      | Bought a potion of degeneration for 10 gold pieces
  1896 | D:3      | Bought 2 potions of curing for 60 gold pieces
  1941 | D:3      | Found Eqaosyr's Assorted Antiques.
  2071 | D:3      | Found a transporter.
  2197 | D:3      | Found a transporter.
  2275 | D:3      | Found Sianad's Book Shoppe.
  2404 | D:3      | Noticed Sigmund
  2438 | D:3      | Found Qaskow's Antique Weapon Emporium.
  2803 | D:3      | Killed Sigmund
  2804 | D:3      | Reached skill level 5 in Fighting
  2804 | D:3      | Reached skill level 4 in Unarmed Combat
  2804 | D:3      | Reached XP level 6. HP: 66/66 MP: 6/6
  2957 | D:5      | Entered Level 5 of the Dungeon
  3166 | D:4      | Found a blossoming altar of Fedhas.
  3267 | D:4      | Found an ancient bone altar of Kikubaaqudgha.
  3283 | D:4      | Reached skill level 5 in Unarmed Combat
  3283 | D:4      | Reached XP level 7. HP: 61/74 MP: 7/7
  4217 | D:4      | Reached skill level 6 in Unarmed Combat
  4453 | D:4      | Learned a level 3 spell: Call Canine Familiar
  4479 | D:5      | Noticed Pikel
  4680 | D:4      | Killed Pikel
  4681 | D:4      | Reached skill level 7 in Unarmed Combat
  4681 | D:4      | Reached XP level 8. HP: 68/87 MP: 8/8
  5250 | D:4      | Reached skill level 8 in Unarmed Combat
  5618 | D:5      | Found a shimmering blue altar of Sif Muna.
  5707 | D:5      | Noticed Grinder
  5790 | D:5      | Reached skill level 9 in Unarmed Combat
  5798 | D:5      | Reached XP level 9. HP: 71/93 MP: 9/9
  6657 | D:6      | Reached skill level 10 in Unarmed Combat
  7152 | D:6      | Found a burning altar of Makhleb.
  7679 | D:6      | Reached skill level 11 in Unarmed Combat
  7758 | D:7      | Found a flagged portal.
  7828 | D:7      | Reached skill level 1 in Spellcasting
  7896 | D:7      | Reached skill level 1 in Summonings
  8026 | Bailey   | Entered a bailey
  8200 | Bailey   | Noticed an orc knight
  8201 | Bailey   | an orc knight changed into a tarantella
  8201 | Bailey   | Noticed a tarantella
  8206 | Bailey   | Reached XP level 10. HP: 88/102 MP: 9/13
  8216 | Bailey   | HP: 1/102 [tarantella (9)]
  8218 | Bailey   | Slain by a tarantella

Illustrated notes

Levels and vault maps discovered:
D:1:      minmay_arrival_stone_box, layout_basic
D:2:      layout_loops_ring, basic_altar, uniq_jessica
D:3:      gammafunk_steamed_eel, layout_basic, serial_shops, shop,
          nicolae_shop_window_shopping, shop,
          nicolae_shop_pleasant_corner_grove, uniq_sigmund
D:4:      layout_loops_corners, mainiacjoe_overflow_cross_hatched,
          kennysheep_vampire_church
D:5:      layout_rooms, mainiacjoe_overflow_small_starburst,
          minmay_temple_entry_proselytizer, mrwooster_statue_mirror,
          grunt_ministairs_7, uniq_pikel, uniq_grinder
D:6:      layout_basic, demons_altar
D:7:      layout_loops_corners, enter_bailey_8, minmay_manual_mail
Bailey:   bailey_axe_of_yendor_kennysheep, bailey

Skill      XL: |  1  2  3  4  5  6  7  8  9 |
---------------+----------------------------+-----
Fighting       | 3 4 5 7 |  7.3
Unarmed Combat | 1 2 3 4 5 7 9 11 | 11.2
Spellcasting   | 2 |  2.1
Summonings     | 1 |  1.8
Short Blades   | |  1.7
Throwing       | |  2.0
Dodging        | |  0.8
Stealth        | |  2.9

Action                     |  1- 3 |  4- 6 |  7- 9 | 10-12 || total
---------------------------+-------+-------+-------+-------++-------
  Melee: Dagger            |    81 |   106 |       |       ||   187
         Headbutt          |    15 |    34 |    70 |       ||   119
         Punch             |     1 |     3 |    15 |       ||    19
         Unarmed           |       |    75 |   345 |     6 ||   426
  Throw: Large rock        |     1 |     4 |     5 |       ||    10
         Dart              |       |     2 |    30 |       ||    32
         Throwing net      |       |       |     1 |       ||     1
   Cast: Call Canine Famil |       |       |     1 |       ||     1
  Evoke: Wand              |       |       |     1 |       ||     1
    Use: Potion            |       |     1 |     7 |       ||     8
         Scroll            |       |       |    10 |       ||    10
   Stab: Sleeping          |     4 |     7 |     2 |       ||    13
 Armour: Robe              |    79 |   174 |   326 |    16 ||   595
  Dodge: Dodged            |    49 |    95 |   145 |     4 ||   293
